 Dungeon Crawl Stone Soup version 0.21.1-68-g103a7af (webtiles) character file.

132 HandholdingErotica the Cudgeler (level 5, -4/54 HPs)
             Began as an Ogre Berserker on Aug 1, 2018.
             Was a Priest of Trog.
             Killed from afar by an orc wizard (9 damage)
             ... with a magic dart
             ... on level 3 of the Dungeon.
             The game lasted 00:05:55 (2463 turns).

HandholdingErotica the Cudgeler (Ogre Berserker)    Turns: 2463, Time: 00:05:55

Health: -4/54      AC:  4    Str: 22    XL:     5   Next: 15%
Magic:  5/5        EV: 10    Int: 13    God:    Trog [***...]
Gold:   235        SH:  0    Dex:  8    Spells: 4/4 levels left

rFire    . . .     SeeInvis .   a - +1 mace
rCold    . . .     Gourm    .   (no shield)
rNeg     . . .     Faith    .   b - +1 animal skin
rPois    .         Spirit   .   (helmet restricted)
rElec    .         Reflect  .   (no cloak)
rCorr    .         Harm     .   (gloves unavailable)
MR       .....                  (boots unavailable)
Stlth    +.........             (no amulet)
HPRegen  0.18/turn              (no ring)
MPRegen  0.09/turn              (no ring)

@: brilliant, berserk cooldown
A: large, unfitting armour, tough skin 1
a: Berserk, Trog's Hand, Burn Spellbooks, Renounce Religion


You were on level 3 of the Dungeon.
You worshipped Trog.
Trog was most pleased with you.
You were not hungry.

You visited 1 branch of the dungeon, and saw 3 of its levels.

You collected 235 gold pieces.

Inventory:

Hand Weapons
 a - a +1 mace (weapon)
Armour
 b - a +1 animal skin (worn)
Scrolls
 d - 5 scrolls of remove curse
 h - 3 scrolls of identify
 l - 2 scrolls of enchant weapon
Potions
 n - a potion of degeneration
Comestibles
 c - a ration


   Skills:
 - Level 4.0 Fighting
 + Level 5.2 Maces & Flails
 - Level 2.6 Dodging


You had 4 spell levels left.
You didn't know any spells.

Dungeon Overview and Level Annotations

Branches:
Dungeon (3/15)

Altars:


Innate Abilities, Weirdness & Mutations

You are too large for most types of armour.
You have tough skin. (AC +1)


Message History

The orc wizard mumbles some strange words.
The orc wizard blinks!
The orc wizard points at you and mumbles some strange words.
The magic dart hits you!
* * * LOW HITPOINT WARNING * * *
You hit the orc wizard.
The orc wizard is severely wounded.
The orc wizard gestures at you while chanting.
The magic dart hits you!
* * * LOW HITPOINT WARNING * * *
The orc wizard points at you and mumbles some strange words.
You resist with some effort.
You barely miss the orc wizard.
The orc wizard is severely wounded.
You feel yourself speed up.
The orc wizard gestures wildly while chanting.
The orc wizard blinks!
The orc wizard gestures at you while chanting.
The magic dart hits you!
You die...

# .# #. ##. ##.. #####
####..##....
#....##..# ####
##o.@.# #..#
.....#..#### ###...
........######.o...#
.....##...##...##..#
#####
###()).####..####
#######))##........#
###..................#
#...#########.....††.#
#.### #....<..[#


You could see an orc wizard.

Vanquished Creatures
  2 adders (D:2)
  4 dart slugs
  2 worms (D:2)
  5 leopard geckos
  8 orcs (D:3)
  5 giant cockroaches
  6 goblins
  13 hobgoblins
  6 jackals
  A ball python (D:2)
  7 bats
  5 frilled lizards
  10 kobolds
  6 rats
80 creatures vanquished.

Notes
Turn   | Place    | Note
-------+----------+-------------------------------------------
     0 | D:1      | HandholdingErotica the Ogre Berserker began the quest for the Orb.
     0 | D:1      | Reached XP level 1. HP: 24/24 MP: 1/1
    50 | D:1      | Reached skill level 3 in Maces & Flails
   264 | D:1      | Reached XP level 2. HP: 32/32 MP: 2/2
   656 | D:1      | Reached XP level 3. HP: 39/39 MP: 3/3
   942 | D:1      | Reached ** piety under Trog
  1035 | D:1      | Reached skill level 4 in Maces & Flails
  1422 | D:2      | Reached XP level 4. HP: 32/48 MP: 4/4
  1731 | D:2      | Reached *** piety under Trog
  2343 | D:3      | Reached skill level 5 in Maces & Flails
  2409 | D:3      | Reached XP level 5. HP: 46/54 MP: 5/5
  2440 | D:3      | HP: 2/54 [orc wizard/magic dart (3)]
  2463 | D:3      | Killed from afar by an orc wizard

Skill      XL: |  1  2  3  4 |
---------------+-------------+-----
Maces & Flails | 3 4 5 |  5.2
Fighting       | |  4.0
Dodging        | |  2.6

Action                   |  1- 3 |  4- 6 || total
-------------------------+-------+-------++-------
Melee: Mace              |   140 |   119 ||   259
Invok: Berserk           |       |     1 ||     1
       Trog's Hand       |       |     1 ||     1
  Use: Scroll            |       |     8 ||     8
       Potion            |       |     4 ||     4
  Eat: Ration            |     1 |     1 ||     2
Armor: Animal skin       |    44 |    37 ||    81
Dodge: Dodged            |   100 |    86 ||   186
